 Dungeon Crawl Stone Soup version 0.30.1-4-g462c640d31 (webtiles) character file.

Game seed: 2396126059212347519

148428 Kurtz the Severer (level 17, -5/109 HPs)
             Began as a Tengu Fighter on Sept 16, 2023.
             Was an Initiate of Gozag.
             Killed from afar by a will-o-the-wisp (27 damage)
             ... with a foxfire
             ... on level 4 of the Swamp.
             The game lasted 01:18:07 (37423 turns).

Kurtz the Severer (Tengu Fighter)                  Turns: 37423, Time: 01:18:08

Health: -5/109     AC: 22    Str: 21    XL:     17   Next: 49%
Magic:  16/16      EV: 21    Int: 14    God:    Gozag
Gold:   4712       SH: 23    Dex: 22    Spells: 16/16 levels left

rFire   x . .        L - +4 war axe (freeze)
rCold   + . .        x - +0 kite shield
rNeg    . . .        t - +8 scale mail of Clean Lucidity {Will++ Regen+ Slay+3}
rPois   +            (helmet restricted)
rElec   +            E - +1 cloak
rCorr   .            w - +0 pair of gloves
SInv    .            (boots unavailable)
Will    ++++.        D - amulet of reflection
Stlth   ++++         c - +6 ring of dexterity
HPRegen 1.18/turn    h - ring "Lol Wusk" {Ice rElec rPois Will+ Int+4}
MPRegen 0.15/turn

%: reflection
@: flying quickly and evasively, quick
A: beak, talons 3, nimble flight, large bone plates 1, low MP 1
a: Renounce Religion, Potion Petition, Call Merchant, Bribe Branch


You were on level 4 of the Swamp.
You worshipped Gozag.
Gozag was most pleased with you.
You visited 5 branches of the dungeon, and saw 27 of its levels.
You also visited: Bailey and Volcano.

You collected 10941 gold pieces.
You spent 2046 gold pieces at shops.
You paid 4183 gold pieces to Gozag.

Inventory:

Hand Weapons
 L - a +4 war axe of freezing (weapon)
 M - a +0 broad axe
 Y - a +2 demon whip of flaming
Missiles
 I - 6 atropa-tipped darts
 R - 23 poisoned darts
 S - 4 throwing nets (quivered)
Armour
 g - a +0 tower shield
 t - the +8 scale mail of Clean Lucidity (worn) {Will++ Regen+ Slay+3}
   (You bought it in a shop on level 1 of the Lair of Beasts)

   Slay:      It affects your accuracy & damage with ranged weapons and melee
   (+3).
   Regen:     It increases your rate of health regeneration.
   Will:      It greatly increases your willpower.
 w - a +0 pair of gloves (worn)
 x - a +0 kite shield (worn)
 E - a +1 cloak (worn)
 P - a +1 ring mail of poison resistance
 U - an orb of light
 X - a +3 plate armour of fire resistance
Jewellery
 c - a +6 ring of dexterity (left hand)
 d - an amulet of the acrobat
 e - a ring of fire
 h - the ring "Lol Wusk" (right hand) {Ice rElec rPois Will+ Int+4}
   (You acquired it on level 2 of the Lair of Beasts)

   [ring of ice]

   It enhances your ice magic.
   Int:       It affects your intelligence (+4).
   rF:        It makes you vulnerable to fire.
   rC:        It protects you from cold.
   rElec:     It insulates you from electricity.
   rPois:     It protects you from poison.
   Will:      It increases your willpower.
 k - a ring of see invisible
 l - an amulet of regeneration
 p - a ring of positive energy
 s - a ring of resist corrosion
 D - an amulet of reflection (around neck)
Wands
 z - a wand of acid (3)
 B - a wand of roots (6)
 H - a wand of polymorph (1)
 J - a wand of flame (12)
 Q - a wand of digging (13)
Scrolls
 a - 3 scrolls of identify
 f - 2 scrolls of enchant weapon
 j - 19 scrolls of teleportation
 m - a scroll of silence
 n - 5 scrolls of fog
 r - 3 scrolls of fear
 y - 6 scrolls of enchant armour
 A - 4 scrolls of blinking
 C - a scroll of poison
 K - 3 scrolls of magic mapping
Potions
 b - 8 potions of curing
 i - 2 potions of berserk rage
 o - a potion of magic
 u - 9 potions of heal wounds
 v - 6 potions of might
 G - 5 potions of ambrosia
 O - 4 potions of invisibility
 T - a potion of resistance
 V - 3 potions of brilliance
 W - a potion of cancellation
 Z - 3 potions of haste
Miscellaneous
 q - a phantom mirror
 F - a condenser vane
 N - a piece from Xom's chessboard (15/15)


   Skills:
 + Level 13.5 Fighting
 - Level 18.0 Axes
 * Level 14.6 Armour
 * Level 11.5 Dodging
 + Level 12.4 Stealth
 + Level 12.8 Shields


You had 16 spell levels left.
You didn't know any spells.
Your spell library contained the following spells:

 Spells                   Type           Power      Damage    Failure   Level
 Foxfire                  Conj/Fire      0%         2x1d4     69%         1
 Magic Dart               Conj           0%         1d3       69%         1
 Shock                    Conj/Air       0%         1d3       69%         1
 Call Imp                 Summ           0%         N/A       83%         2
 Ensorcelled Hibernation  Hex/Ice        0%         N/A       83%         2
 Passwall                 Tmut/Erth      0%         N/A       83%         2
 Poisonous Vapours        Pois/Air       0%         N/A       83%         2
 Dazzling Flash           Conj/Hex       0%         N/A       96%         3
 Inner Flame              Hex/Fire       0%         N/A       96%         3
 Mephitic Cloud           Conj/Pois/Air  0%         N/A       96%         3
 Ozocubu's Armour         Ice            0%         N/A       96%         3
 Swiftness                Air            0%         N/A       96%         3
 Vhi's Electric Charge    Tloc/Air       0%         N/A       96%         3
 Volatile Blastmotes      Fire/Tloc      0%         2d10      96%         3
 Airstrike                Air            0%         2d(0-16)  100%        4
 Iskenderun's Mystic Bla  Conj/Tloc      0%         2d3       100%        4
 Summon Lightning Spire   Summ/Air       0%         N/A       100%        4
 Arcjolt                  Conj/Air       0%         1d10      100%        5
 Blade Hands              Tmut           0%         N/A       100%        5
 Fireball                 Conj/Fire      0%         3d3       100%        5
 Freezing Cloud           Conj/Ice/Air   0%         6-21      100%        5
 Irradiate                Conj/Tmut      0%         3d11      100%        5
 Iskenderun's Battlesphe  Conj           0%         2d6       100%        5
 Yara's Violent Unravell  Hex/Tmut       0%         3d3       100%        5
 Iron Shot                Conj/Erth      0%         9d1       100%        6
 Plasma Beam              Fire/Air       0%         2x1d11    100%        6
 Starburst                Conj/Fire      0%         6d3       100%        6
 Dragon Form              Tmut           0%         N/A       100%        7
 Enfeeble                 Hex            0%         N/A       100%        7
 Ozocubu's Refrigeration  Ice            0%         4d7       100%        7
 Spellforged Servitor     Conj/Summ      0%         N/A       100%        7
 Storm Form               Tmut/Air       0%         N/A       100%        7
 Maxwell's Capacitive Co  Air            0%         ∞         100%        8
 Chain Lightning          Conj/Air       0%         N/A       100%        9
 Fire Storm               Conj/Fire      0%         5d1       100%        9
 Shatter                  Erth           0%         3d5*      100%        9


Dungeon Overview and Level Annotations

Branches:
Dungeon (15/15)            Temple (1/1) D:4            Lair (5/5) D:9
  Swamp (4/4) Lair:3        Snake (0/4) Lair:3        Slime (0/5) Lair:4
    Orc (2/2) D:11            Elf (0/3) Orc:2        Vaults (0/5) D:14
 Depths (0/4) D:15         Bailey (visited)         Volcano (visited)

Altars:
Ashenzari
Cheibriados
Dithmenos
Elyvilon
Fedhas
Gozag
Hepliaklqana
Kikubaaqudgha
Makhleb
Nemelex Xobeh
Okawaru
Qazlal
Ru
Sif Muna
Trog
Uskayaw
Vehumet
Wu Jian
Xom
Yredelemnul
Zin
The Shining One
Jiyva

Shops:
D:4 :   D:11 (?   D:15 *   Orc:2 *(:[   Lair:1 [[

Annotations:
D:14 Jorgrun
Lair:1 2 transporters, Bukhlaj's ghost, journeyman HOFi
Lair:3 exclusion: downstairs


Innate Abilities, Weirdness & Mutations

You have a beak for a mouth.
You have claws for feet.
Your magical nature lets you fly swiftly and evasively.
You are partially covered in large bone plates. (SH +4)
Your magical capacity is low. (-10% MP)


Message History

The will-o-the-wisp conjures some foxfire! 2 foxfires come into view.
You miss the vampire mosquito. You peck the vampire mosquito.
The vampire mosquito is heavily damaged.
You slash the foxfire! You freeze the foxfire. The foxfire hits you!!
The fire burns you terribly! The foxfire hits you! The fire burns you terribly!
The vampire mosquito is distracted by your dazzling golden aura.
The will-o-the-wisp gestures.
The will-o-the-wisp conjures some foxfire! 2 foxfires come into view.
The vampire mosquito buzzes angrily.
You slash the vampire mosquito! You freeze the vampire mosquito.
You destroy the vampire mosquito!
You are engulfed in a cloud of scalding steam.
The foxfire hits you!! The fire burns you terribly! The foxfire hits you!!!
The fire burns you terribly!
* * * LOW HITPOINT WARNING * * *
The will-o-the-wisp gestures.
The will-o-the-wisp conjures some foxfire! 2 foxfires come into view.
Unknown command.
You are too injured to fight recklessly!
Unknown command.
The foxfire hits you but does no damage.
The foxfire hits you!! The fire burns you terribly!
* * * LOW HITPOINT WARNING * * *
The will-o-the-wisp gestures.
The will-o-the-wisp conjures some foxfire! 2 foxfires come into view.
You feel much better. The foxfire hits you.
* * * LOW HITPOINT WARNING * * *
The will-o-the-wisp gestures.
The will-o-the-wisp conjures some foxfire! 2 foxfires come into view.
Really fly into that dispersal trap?
You enter a dispersal trap!
The foxfire blinks! x3
The will-o-the-wisp blinks!
The foxfire blinks! x2; You blink.
The foxfire hits you!! The fire burns you terribly!
You die...
Your body crumbles into a pile of gold.

~~~~§~~~~.♣~~♣♣♣§~~.♣♣♣~~♣~~.~♣♣♣
~~~~~~°~~.~.~~~♣~§~<♣ ♣♣~♣~..♣♣
~~~§~~~.§.~§~~~.~..~♣ ♣..~♣♣♣
~.§~~~~.~~.~~~.~♣♣♣♣♣ ~~~~.
~.....~~~♣♣.~~.♣♣♣♣ ~~~~~
♣.~~§~~<~♣♣♣♣.....♣ ♣.~...~
♣.~~§~~.♣♣♣♣♣..~~§♣
~~~~~~~.♣♣~~♣♣§~§.♣
~~~.§~~.♣..$~..~@~♣♣
~~~~~.♣♣?~§§.~v~$♣
~~~~~.$.§..§~~...~
....~~§§..§§v§.....§
♣♣..~§§§~~v~§...~~~~.
♣♣.~§§~~~~~§..§§~~~.
♣.~~§§§~..~§~.~.~.~
♣♣~...♣♣♣v.§♣~.~~~~ ♣♣♣♣♣♣ ~~~♣


You could see a will-o-the-wisp.

Vanquished Creatures
  Mara (Swamp:3)
  Rupert (Lair:5)
  Mlioglotl (Swamp:1)
  A thorn hunter (Swamp:3)
  A fenstrider witch (Swamp:3)
  Louise (Swamp:1)
  2 orc warlords
  A stone giant (D:15)
  3 eleionomae
  Snorg (D:10)
  3 bunyips (Swamp:1)
  Josephine (D:12)
  2 shambling mangroves
  Harold (D:10)
  3 vault guards (D:14)
  15 hydras
  An ogre mage (D:15)
  A catoblepas (Lair:5)
  A ghost crab (Swamp:4)
  4 boulder beetles
  5 alligators
  6 centaur warriors
  7 two-headed ogres
  5 death yaks
  2 tengu warriors
  An orc high priest (Orc:1)
  Sonja (Orc:1)
  3 skysharks
  A hell knight (D:15)
  12 spriggans
  6 skeletal warriors
  A deep troll (D:15)
  4 goliath frogs
  3 spriggan druids
  9 orc knights
  7 swamp dragons
  2 lindwurms (Lair:3)
  2 bog bodies
  2 deep elf pyromancers
  2 necromancers (D:15)
  12 ugly things (D:14)
  3 orc sorcerers
  3 will-o-the-wisps
  5 manticores
  11 elephants
  6 cyclopes
  5 black mambas
  3 gargoyles
  21 cane toads
  A yaktaur (D:14)
  A rime drake (shapeshifter) (D:12)
  4 rime drakes
  3 freezing wraiths (Swamp:4)
  12 komodo dragons
  3 efreet
  A tengu conjurer (D:14)
  A polar bear (Lair:2)
  8 tyrant leeches
  7 trolls
  10 hornets
  24 blink frogs
  17 dream sheep
  Prince Ribbit (D:7)
  7 slime creatures
  3 water elementals (D:15)
  7 wyverns
  42 yaks
  A vampire (D:13)
  7 wraiths
  2 fire elementals (Volcano)
  8 basilisks
  3 fire bats (Lair:2)
  27 vampire mosquitoes
  2 steam dragons
  2 swamp worm simulacra (Swamp:4)
  A naga (shapeshifter) (D:15)
  Menkaure (D:6)
  3 wargs
  11 swamp worms
  An acid dragon (D:11)
  Duvessa (D:3)
  3 nagas (Lair:3)
  2 hydra simulacra (Swamp:4)
  11 water moccasins
  38 orc warriors
  4 black bears
  2 ice beasts
  13 ogres
  2 swamp drakes
  6 wolves (Lair:2)
  13 centaurs
  2 phantoms
  A kobold brigand (D:9)
  Blork the orc (D:6)
  4 scorpions
  22 bullfrogs
  A gnoll sergeant (D:12)
  9 wights
  13 killer bees
  Dowan (D:3)
  5 electric eels
  A howler monkey (D:6)
  5 hounds
  2 quasits (D:3)
  Crazy Yiuf (D:3)
  21 orc priests
  3 jellies
  Jessica (D:3)
  3 iguanas
  18 orc wizards
  2 sleepcaps
  Natasha (thrice) (D:3)
  4 hell rats
  The ghost of Achilles the Chopper, a weakling HORe (D:3)
  Robin (D:4)
  19 gnolls
  15 adders
  2 shadow imps
  3 swamp drake simulacra (Swamp:4)
  A worm (D:2)
  6 dart slugs
  83 orcs
  7 endoplasms
  3 giant cockroaches
  34 goblins
  23 hobgoblins
  4 jackals
  7 quokkas
  6 ball pythons
  15 bats
  2 frilled lizards
  10 kobolds
  3 rats
879 creatures vanquished.

Vanquished Creatures (others)
  A rakshasa (D:15)
  4 bloated husks
  A swamp worm (Swamp:4)
  25 foxfires
31 creatures vanquished.

Grand Total: 910 creatures vanquished

Notes
Turn   | Place    | Note
-------+----------+-------------------------------------------
     0 | D:1      | Kurtz the Tengu Fighter began the quest for the Orb.
     0 | D:1      | Reached XP level 1. HP: 14/14 MP: 2/2
   116 | D:1      | Reached XP level 2. HP: 17/19 MP: 3/3
   512 | D:1      | Reached skill level 1 in Dodging
   855 | D:2      | Reached XP level 3. HP: 17/23 MP: 4/4
  1094 | D:2      | Reached skill level 3 in Axes
  1152 | D:2      | Found a shimmering altar of Xom.
  1239 | D:2      | Found a faded altar of an unknown god.
  1258 | D:2      | Reached XP level 4. HP: 25/28 MP: 5/5
  1913 | D:3      | Found a snail-covered altar of Cheibriados.
  1921 | D:3      | Found a transporter.
  1927 | D:3      | Noticed Achilles's ghost (weakling HORe)
  1946 | D:3      | Noticed Jessica
  1950 | D:3      | Killed Jessica
  1951 | D:3      | Reached skill level 4 in Axes
  1951 | D:3      | Gained mutation: Your magical nature lets you fly swiftly
                  | and evasively. [Tengu growth]
  1951 | D:3      | Reached XP level 5. HP: 32/32 MP: 6/6
  2282 | D:3      | Found a runed translucent door.
  2283 | D:3      | Noticed Crazy Yiuf
  2314 | D:3      | Noticed Natasha
  2319 | D:3      | Killed Natasha
  2320 | D:3      | Reached skill level 5 in Axes
  2320 | D:3      | Reached XP level 6. HP: 36/37 MP: 7/7
  2615 | D:3      | Found a transporter.
  2657 | D:4      | Noticed Dowan
  2659 | D:4      | Noticed Duvessa
  2836 | D:4      | Found Xezasm's Book Shop.
  2857 | D:4      | Noticed Robin
  2872 | D:4      | Killed Robin
  3051 | D:4      | Found a shadowy altar of Dithmenos.
  3281 | D:4      | Reached skill level 6 in Axes
  3284 | D:4      | Reached XP level 7. HP: 22/42 MP: 8/8
  3382 | D:4      | Found a hide-covered altar of Uskayaw.
  3414 | D:4      | Found a sacrificial altar of Ru.
  3485 | D:4      | Found a blossoming altar of Fedhas.
  3714 | D:4      | Reached skill level 7 in Axes
  3889 | D:4      | Found a staircase to the Ecumenical Temple.
  3900 | Temple   | Entered the Ecumenical Temple
  3963 | Temple   | Became a worshipper of Gozag Ym Sagoz the Greedy
  4119 | D:3      | Killed Dowan
  4122 | D:3      | Killed Duvessa
  4620 | D:3      | Noticed Natasha
  4623 | D:3      | Killed Natasha
  4624 | D:3      | Reached XP level 8. HP: 44/48 MP: 9/9
  4747 | D:5      | Entered Level 5 of the Dungeon
  4752 | D:5      | Reached skill level 8 in Axes
  4752 | D:5      | Reached skill level 5 in Armour
  5311 | D:5      | Reached skill level 9 in Axes
  5834 | D:5      | Reached XP level 9. HP: 52/52 MP: 10/10
  6323 | D:6      | Reached skill level 5 in Fighting
  6379 | D:6      | Found a white marble altar of Elyvilon.
  6381 | D:6      | Found an iron altar of Okawaru.
  6444 | D:6      | Noticed Blork the orc
  6534 | D:6      | Noticed Menkaure
  6542 | D:6      | Killed Menkaure
  6543 | D:6      | Reached skill level 5 in Dodging
  6679 | D:6      | Reached skill level 10 in Axes
  7288 | D:6      | Killed Blork the orc
  7563 | D:3      | Killed Crazy Yiuf
  7708 | D:6      | Gained mutation: Your magical capacity is low. (-10% MP)
                  | [potion of mutation]
  7708 | D:6      | Gained mutation: You are partially covered in large bone
                  | plates. (SH +4) [potion of mutation]
  8173 | D:7      | Found an ancient bone altar of Kikubaaqudgha.
  8215 | D:7      | Reached XP level 10. HP: 58/61 MP: 10/10
  8759 | D:7      | Noticed Prince Ribbit
  8768 | D:7      | Killed Prince Ribbit
  9078 | D:8      | Noticed a centaur warrior
  9187 | D:7      | Killed a centaur warrior
 10067 | D:8      | Found a radiant altar of Vehumet.
 11005 | D:9      | Reached skill level 11 in Axes
 11098 | D:9      | Reached skill level 10 in Armour
 11098 | D:9      | Reached XP level 11. HP: 49/67 MP: 10/10
 11100 | D:9      | Reached skill level 1 in Stealth
 11293 | D:9      | Found a staircase to the Lair.
 11615 | D:10     | Entered Level 10 of the Dungeon
 11615 | D:10     | Noticed Harold
 11738 | D:10     | Found an ornate altar of the Wu Jian Council.
 11754 | D:10     | Found a flagged portal.
 11778 | Bailey   | Entered a bailey
 12127 | Bailey   | Noticed an orc warlord
 12142 | Bailey   | Reached skill level 12 in Axes
 12189 | Bailey   | Killed an orc warlord
 12828 | D:10     | Noticed a two-headed ogre
 12837 | D:10     | Killed a two-headed ogre
 13007 | D:10     | Reached skill level 5 in Shields
 13082 | D:10     | Killed Harold
 13083 | D:10     | Reached skill level 13 in Axes
 13083 | D:10     | Reached XP level 12. HP: 32/75 MP: 0/11
 13106 | D:10     | Noticed Snorg
 13237 | Lair:1   | Entered Level 1 of the Lair of Beasts
 13317 | Lair:1   | Found a transporter.
 13559 | Lair:1   | Found a transporter.
 13657 | Lair:1   | Noticed Bukhlaj's ghost (journeyman HOFi)
 14761 | Lair:2   | Reached skill level 5 in Stealth
 14766 | Lair:2   | Found a dark tunnel.
 14776 | Volcano  | Entered a volcano
 15071 | Lair:2   | Reached skill level 14 in Axes
 15393 | Lair:2   | Noticed a five-headed hydra
 15643 | Lair:2   | Acquired 1216 gold pieces
 15644 | Lair:2   | Acquired the ring "Lol Wusk" {Ice rElec rPois Will+ Int+4}
 15692 | Lair:2   | Noticed a skyshark
 15710 | Lair:2   | Killed a skyshark
 16089 | Lair:3   | Found a staircase to the Snake Pit.
 16104 | Lair:3   | HP: 1/69 [naga/+0 dire flail of draining (21)]
 16471 | Lair:3   | Noticed a skyshark
 16481 | Lair:3   | Killed a skyshark
 16482 | Lair:3   | Reached XP level 13. HP: 77/80 MP: 12/12
 16864 | Lair:3   | Reached skill level 15 in Axes
 17490 | Lair:3   | Found a staircase to the Swamp.
 18161 | Lair:4   | Reached skill level 16 in Axes
 18228 | Lair:4   | Found a staircase to the Slime Pits.
 18228 | Lair:4   | Found a viscous altar of Jiyva.
 18353 | Lair:4   | Noticed Rupert
 18696 | Lair:4   | Reached XP level 14. HP: 68/87 MP: 13/13
 18904 | Lair:4   | Identified the +4 rapier "Dragon's Tongue" {freeze, rPois}
 19403 | Lair:5   | Entered Level 5 of the Lair of Beasts
 19583 | Lair:4   | Reached skill level 10 in Fighting
 20723 | D:10     | Killed Snorg
 20970 | D:11     | Found Orimmer's Magic Scroll Shoppe.
 20974 | D:11     | Bought a scroll of identify for 26 gold pieces
 20974 | D:11     | Bought a scroll of identify for 26 gold pieces
 20974 | D:11     | Bought a scroll of vulnerability for 52 gold pieces
 20974 | D:11     | Bought 3 scrolls of teleportation for 117 gold pieces
 20974 | D:11     | Bought 3 scrolls of magic mapping for 292 gold pieces
 20974 | D:11     | Bought a scroll of enchant armour for 97 gold pieces
 21030 | D:11     | Identified the +6 flail "Oclukhli Qaki" {heavy, rN+ Str+3
                  | Int-3}
 21043 | D:11     | Found Kiqes's Antique Weapon Emporium.
 21312 | D:11     | Found a staircase to the Orcish Mines.
 23304 | D:12     | Noticed Josephine
 23322 | D:12     | Killed Josephine
 23731 | D:12     | Identified the +1 flail of the Crafting Puffin {venom,
                  | rCorr}
 25931 | Lair:1   | Bought the +8 scale mail of Clean Lucidity {Will++ Regen+
                  | Slay+3} for 853 gold pieces
 26423 | Lair:5   | Reached XP level 15. HP: 91/93 MP: 14/14
 26578 | Lair:5   | Killed Rupert
 26902 | Lair:5   | Reached skill level 10 in Stealth
 28893 | D:14     | Reached skill level 17 in Axes
 28911 | D:14     | Reached skill level 10 in Shields
 29181 | D:14     | Found a gate to the Vaults.
 29617 | D:14     | Noticed Jorgrun
 29827 | D:15     | Entered Level 15 of the Dungeon
 30012 | D:15     | Found a basalt altar of Yredelemnul.
 30301 | D:15     | Reached XP level 16. HP: 101/101 MP: 15/15
 31441 | D:15     | Found Vaixt's General Store.
 31633 | D:15     | Found a staircase to the Depths.
 32276 | D:3      | Noticed Natasha
 32281 | D:3      | Killed Natasha
 32302 | D:3      | Killed Achilles's ghost
 32555 | Orc:1    | Entered Level 1 of the Orcish Mines
 32846 | Orc:2    | Entered Level 2 of the Orcish Mines
 32863 | Orc:1    | Noticed Sonja
 32883 | Orc:1    | Killed Sonja
 33167 | Orc:2    | Found Cabazeuh's Antique Armour Emporium.
 33292 | Orc:2    | Reached skill level 10 in Dodging
 33487 | Orc:2    | Found Omanesse's General Store.
 33532 | Orc:2    | Found a staircase to the Elven Halls.
 33569 | Orc:2    | Found Wyutiebb's Antique Weapon Emporium.
 33581 | Orc:2    | Found Caucu's Book Shop.
 34052 | Lair:1   | Bought the +1 cloak of the Beggar {rElec rC+ Slay+2 Stlth+}
                  | for 583 gold pieces
 34108 | Swamp:1  | Entered Level 1 of the Swamp
 34525 | Swamp:1  | Noticed Mlioglotl
 34585 | Swamp:1  | Noticed a tentacled starspawn
 34867 | Swamp:1  | Noticed Louise
 34879 | Swamp:1  | Killed Louise
 34948 | Swamp:1  | You are sucked into a shaft and drop 1 floor!
 35140 | Swamp:1  | Killed Mlioglotl
 35399 | Swamp:2  | Reached skill level 18 in Axes
 35970 | Swamp:2  | Reached XP level 17. HP: 101/108 MP: 16/16
 36820 | Swamp:4  | Entered Level 4 of the Swamp
 36980 | Swamp:4  | Noticed Mara
 36995 | Swamp:3  | Noticed Kurtz's illusion
 37134 | Swamp:3  | Noticed Kurtz's illusion
 37138 | Swamp:3  | Killed Mara
 37423 | Swamp:4  | Killed from afar by a will-o-the-wisp

Illustrated notes

Levels and vault maps discovered:
D:1:      lightli_arrival_noodles, layout_loops_ring
D:2:      mumra_celtic_spiral_tile, layout_basic,
          shapermc_ecumenical_altar_mp_ritualfount, basic_altar
D:3:      minmay_thinvault, layout_loops_ring, mainiacjoe_overflow_boulevard,
          gammafunk_ghost_stat_death, roderic_serpentine_path, uniq_jessica,
          uniq_crazy_yiuf_cottage, uniq_natasha
D:4:      layout_basic, nicolae_ru_great_annihilating_truth,
          mainiacjoe_overflow_concentric_impassable,
          mainiacjoe_overflow_six_doors_small, kennysheep_mini_moat,
          temple_hall, serial_shops, shop_fountains, kennysheep_generic_room_13,
          uniq_duvessa, uniq_robin
D:5:      layout_gridville
D:6:      wad_lake_hut, layout_loops_ring,
          chequers_temple_overflow_statue_of_worship, uniq_blork_the_orc,
          uniq_menkaure
D:7:      layout_loops_ring, mainiacjoe_overflow_tiny_flanked,
          serial_park_tiny_1, uniq_prince_ribbit1
D:8:      layout_loops_corners, mainiacjoe_overflow_24_doors
D:9:      layout_basic, minmay_lair_entry_grove
D:10:     layout_loops_ring, lemuel_tele_altar, enter_bailey_5, uniq_harold,
          uniq_snorg
D:11:     layout_small_grid, david_orc_5, serial_shops,
          nicolae_shop_temple_entry_statues_fountains, shop
D:12:     layout_loops_corners, uniq_josephine
D:13:     layout_big_octagon, minivault_16, roderic_roman_lattice,
          hangedman_decor_lopped
D:14:     layout_irregular_city, grunt_vaults_entry_fortified, chequers_avenue,
          uniq_jorgrun
D:15:     hangedman_depths_entry_civil_slaughter, layout_cave_pods, serial_park,
          serial_park_fountain, serial_park_square2, serial_shops, shop,
          yredelemnul_altar_generic
Temple:   hellmonk_temple_forest_ring
Lair:1:   layout_long_grid, gammafunk_ghost_berserking_beasts
Lair:2:   layout_regular_city, nicolae_volcano_entry_batcave
Lair:3:   cheibrodos_lair_overgrown_chateau, layout_regular_city,
          minmay_swamp_entry_swarm, guppyfry_snake_entry_island
Lair:4:   layout_roguey, slime_entry_1, uniq_rupert
Lair:5:   minmay_lair_end_frog_pond, layout_regular_city
Swamp:1:  layout_falls_marsh, evilmike_swamp_ruin_house_5, uniq_louise,
          uniq_mlioglotl
Swamp:2:  layout_basic_swamp, evilmike_swamp_ruin_rubble_1
Swamp:3:  layout_falls_marsh, serial_swamp_ruin, evilmike_swamp_ruin_house_6,
          hangedman_swamp_ruin_wall
Swamp:4:  swamp_icy, layout_basic_swamp, swamp_pool1,
          nicolae_swamp_small_spring, uniq_mara
Orc:1:    layout_caves, basic_altar, roderic_batcave, uniq_sonja
Orc:2:    grunt_orc_gardens, layout_caves, grunt_orc_garden, grunt_orc_garden,
          grunt_orc_garden, grunt_orc_garden, mines1_david

Skill      XL: |  1  2  3  4  5  6  7  8  9 10 11 12 13 14 15 16 17 |
---------------+----------------------------------------------------+-----
Dodging        | 1 2 3 4 5 7 8 9 10 11 | 11.5
Axes           | 3 4 5 6 7 9 10 11 13 14 16 17 18 | 18.0
Armour         | 4 6 7 10 11 13 14 | 14.6
Fighting       | 4 6 7 8 9 10 12 13 | 13.5
Stealth        | 4 6 7 9 11 12 | 12.4
Shields        | 5 6 7 9 10 11 12 | 12.8

Action                     |  1- 3 |  4- 6 |  7- 9 | 10-12 | 13-15 | 16-18 || total
---------------------------+-------+-------+-------+-------+-------+-------++-------
  Melee: War axe           |    78 |   132 |    71 |   411 |  1059 |   605 ||  2356
         Kick              |    18 |    31 |    74 |   180 |   381 |   289 ||   973
         Peck              |    11 |    20 |    45 |   109 |   250 |   168 ||   603
         Mace              |       |       |   208 |    55 |       |       ||   263
         Flail             |       |       |       |    78 |       |       ||    78
         Hand axe          |       |       |       |    17 |       |       ||    17
         Eveningstar       |       |       |       |       |    15 |    27 ||    42
         Demon whip        |       |       |       |       |       |    15 ||    15
  Throw: Boomerang         |       |       |     2 |       |     6 |       ||     8
         Dart              |       |       |       |    11 |    38 |    15 ||    64
         Throwing net      |       |       |       |       |       |     4 ||     4
 Invoke: Potion Petition   |       |       |       |     4 |     3 |     1 ||     8
         Call Merchant     |       |       |       |       |     1 |     1 ||     2
  Evoke: Wand              |       |       |    13 |     8 |    10 |     8 ||    39
         Piece from Xom's  |       |       |       |       |     1 |       ||     1
         Condenser vane    |       |       |       |       |     1 |       ||     1
    Use: Potion            |       |       |     4 |     1 |     3 |     1 ||     9
         Scroll            |       |       |       |    15 |     8 |     5 ||    28
   Stab: Distracted        |       |       |     2 |     6 |     6 |    12 ||    26
         Paralysed         |       |       |     1 |       |     1 |       ||     2
         Sleeping          |       |       |       |       |     5 |    16 ||    21
         Held in net/web   |       |       |       |       |       |     2 ||     2
 Armour: Scale mail        |    40 |    53 |     8 |       |    72 |   124 ||   297
         Chain mail        |       |       |   142 |   123 |       |       ||   265
         Plate armour      |       |       |       |    28 |   211 |       ||   239
         Skin              |       |       |       |     7 |       |       ||     7
  Dodge: Dodged            |    30 |    67 |   158 |   209 |   285 |   215 ||   964
  Block: Buckler           |    13 |    28 |    79 |   180 |   505 |       ||   805
         Reflection        |       |       |       |       |    29 |    16 ||    45
         Kite shield       |       |       |       |       |    62 |   528 ||   590
